Map: Overgrowth LE

Players

Rugi - Winner!

  • Race: Zerg Zerg
  • League: Master
  • Spawn Location: 7:00

Loken

  • Race: Protoss Protoss
  • League: Platinum
  • Spawn Location: 1:00

VOD

Have the link to the VOD?

Description

Time

  • Played on: March 30, 2017, 6:06 a.m.
  • Length: 10:47
Show
View Real Time Build Order
Export as new Build Order

Rugi Zerg - Winner!

Build Orders: Hatch First 

Get SALT Encoding   

  12  0:00  Drone  
  13  0:12  Overlord  
  13  0:17  Drone  
  14  0:30  Drone x2  
  14  0:34  Drone  
  17  0:53  Hatchery  
  17  0:55  Drone  
  17  0:58  Drone  
  17  1:04  Extractor  
  18  1:14  Spawning Pool  
  18  1:16  Drone  
  18  1:23  Drone  
  19  1:41  Overlord  
  19  1:44  Drone  
  20  1:49  Extractor  
  19  2:01  Queen  
  19  2:03  Zergling x4  
  19  2:04  Queen  
  19  2:07  Drone  
  26  2:11  Drone  
  27  2:18  Drone  
  27  2:21  Drone  
  29  2:34  Drone x2  
  29  2:36  Overlord  
  31  2:42  Queen x2  
  35  2:47  Drone  
  36  3:01  Hatchery, Drone  
  36  3:02  Drone x2  
  38  3:06  Drone  
  38  3:11  Overlord  
  39  3:17  Evolution Chamber  
  39  3:18  Drone  
  39  3:19  Evolution Chamber  
  38  3:27  Drone x4  
  42  3:37  Queen  
  42  3:40  Queen  
  46  4:04  Drone x5  
  46  4:05  Drone  
  46  4:06  Overlord x2  
  52  4:16  Drone x3  
  55  4:23  Queen  
  55  4:24  Queen, Overlord x2  
  58  4:41  Extractor  
  58  4:42  Drone x3  
  60  4:47  Drone  
  60  4:48  Drone x6  
  60  4:51  Queen  
  69  4:55  Zerg Missile Weapons Level 1  
  69  4:56  Zerg Ground Armor Level 1  
  69  5:03  Lair  
  69  5:07  Drone x2  
  69  5:12  Drone  
  69  5:13  Drone x4  
  69  5:14  Drone x4  
  79  5:20  Spore Crawler  
  79  5:21  Spine Crawler  
  78  5:42  Drone  
  79  5:43  Drone x2  
  79  5:44  Overlord x5  
  79  5:48  Hatchery  
  80  5:54  Hatchery  
  79  5:57  Extractor  
  79  5:58  Drone x3  
  79  6:00  Extractor  
  81  6:04  Drone x5  
  81  6:06  Extractor  
  84  6:14  Queen x2  
  84  6:15  Queen  
  90  6:20  Nydus Network  
  90  6:21  Overseer  
  89  6:51  Spine Crawler  
  89  6:52  Spine Crawler x2, Zerg Missile Weapons Level 2  
  89  6:53  Zerg Ground Armor Level 2  
  86  7:02  Nydus Canal  
  86  7:07  Zergling x30  
  86  7:08  Zergling x10  
  106  7:12  Roach Warren  
  101  8:04  Glial Reconstitution  
  101  8:06  Overlord x3  
  101  8:07  Roach  
  101  8:08  Roach x15  
  133  8:13  Overlord  
  133  8:14  Overlord x4  
  133  8:20  Drone  
  133  8:24  Queen x5  
  144  8:31  Roach x6  
  144  8:32  Roach x2  
  160  8:35  Spine Crawler  
  160  8:36  Spine Crawler  
  160  8:37  Spine Crawler  
  151  8:45  Roach x3  
  151  8:46  Roach x3  
  151  8:47  Ravager  
  151  8:48  Ravager x7  
  168  8:49  Ravager  
  170  9:17  Overlord x2  
  170  9:18  Overseer x2  
  167  9:47  Infestation Pit  
  162  10:17  Spine Crawler  
  162  10:18  Spine Crawler x2  
  162  10:19  Spine Crawler x4  
  162  10:20  Spine Crawler x3  
  142  10:21  Spine Crawler  
  142  10:22  Spine Crawler x2  
  142  10:25  Spine Crawler  
Show
View Real Time Build Order
Export as new Build Order

Loken Protoss 

Build Orders: 1 Gate Expand 

Get SALT Encoding   

  12  0:01  Probe (Chrono Boost)  
  13  0:12  Probe (Chrono Boost)  
  14  0:24  Pylon, Probe (Chrono Boost)  
  15  0:42  Probe (Chrono Boost)  
  16  0:43  Gateway  
  16  0:53  Probe (Chrono Boost)  
  17  1:17  Nexus  
  17  1:21  Probe (Chrono Boost)  
  17  1:25  Pylon  
  18  1:35  Cybernetics Core, Probe (Chrono Boost)  
  18  1:39  Zealot  
  21  1:45  Probe (Chrono Boost)  
  22  1:48  Assimilator  
  22  2:02  Probe (Chrono Boost)  
  22  2:06  Zealot  
  25  2:13  Probe (Chrono Boost)  
  26  2:21  Pylon  
  26  2:31  Probe (Chrono Boost)  
  26  2:34  Stalker  
  29  2:37  Probe (Chrono Boost)  
  29  2:39  Assimilator  
  29  2:42  Probe (Chrono Boost)  
  31  2:45  Pylon  
  31  2:48  Probe (Chrono Boost)  
  32  2:52  Probe (Chrono Boost)  
  32  2:53  Warp Gate  
  34  2:58  Probe (Chrono Boost)  
  34  3:03  Probe (Chrono Boost)  
  35  3:09  Probe (Chrono Boost)  
  36  3:13  Probe (Chrono Boost)  
  36  3:17  Assimilator  
  37  3:21  Assimilator  
  37  3:23  Probe (Chrono Boost)  
  37  3:24  Probe (Chrono Boost)  
  39  3:31  Pylon  
  39  3:33  Probe (Chrono Boost)  
  40  3:38  Probe (Chrono Boost)  
  41  3:49  Probe (Chrono Boost)  
  41  3:54  Pylon  
  42  4:00  Probe (Chrono Boost)  
  43  4:04  Stalker  
  45  4:10  Probe (Chrono Boost)  
  46  4:21  Probe (Chrono Boost)  
  47  4:31  Twilight Council  
  47  4:35  Gateway  
  47  4:37  Gateway  
  47  4:38  Gateway  
  47  4:39  Gateway  
  47  4:42  Gateway  
  47  4:43  Probe (Chrono Boost)  
  47  4:45  Probe (Chrono Boost)  
  49  4:51  Pylon  
  49  4:53  Forge  
  49  4:54  Probe (Chrono Boost)  
  49  4:55  Probe (Chrono Boost)  
  49  4:57  Robotics Facility  
  51  5:04  Probe (Chrono Boost)  
  51  5:06  Probe (Chrono Boost)  
  53  5:10  Resonating Glaives  
  53  5:15  Protoss Ground Weapons Level 1  
  53  5:17  Mothership Core (Chrono Boost)  
  55  5:42  Pylon  
  55  5:45  Adept x3  
  55  5:46  Adept x3  
  67  5:53  Observer  
  67  6:13  Adept  
  67  6:14  Adept x4  
  67  6:15  Adept  
  79  6:18  Pylon  
  79  6:19  Pylon  
  79  6:21  Pylon  
  79  6:24  Pylon  
  79  6:29  Probe (Chrono Boost)  
  79  6:31  Pylon  
  80  6:34  Pylon  
  80  6:36  Warp Prism  
  82  6:41  Probe (Chrono Boost)  
  82  6:42  Pylon  
  82  6:45  Adept x5  
  93  7:09  Nexus  
  93  7:11  Pylon  
  93  7:28  Adept  
  93  7:29  Adept x5  
  92  8:05  Adept x5  
  98  8:06  Adept  
  104  8:29  Protoss Ground Weapons Level 2  
  104  8:39  Adept x2  
  104  8:40  Adept x4  
  114  8:48  Pylon  
  114  8:52  Pylon  
  114  8:54  Pylon  
  114  8:59  Probe (Chrono Boost)  
  115  9:10  Probe (Chrono Boost)  
  116  9:20  Probe x2 (Chrono Boost)  
  116  9:21  Probe (Chrono Boost)  
  121  9:31  Probe (Chrono Boost)  
  121  9:32  Probe (Chrono Boost)  
  120  9:41  Adept x5  
  120  9:42  Adept  
Tags
 
Add a new tag
Caveats
  • Supply blocks, unpowered buildings, or Contaminate may cause inaccurate times.
  • Supply counts are checked every 10 seconds.